 Dungeon Sprint DCSS version 0.20-a0-1124-g2e29d97 (webtiles) character file.

17689 potatolord6000 the Warrior (level 12, -20/110 HPs)
             Began as a Demonspawn Gladiator on May 16, 2017.
             Was an Initiate of Gozag.
             Killed from afar by a frost giant (illusionary) (23 damage)
             ... with a bolt of cold
             ... in the Dungeon (Sprint IX: "|||||||||||||||||||||||||||||").
             The game lasted 00:12:12 (2701 turns).

potatolord6000 the Warrior (Demonspawn Gladiator)   Turns: 2701, Time: 00:12:12

Health: -20/110    AC: 24    Str: 29    XL:     12   Next: 21%
Magic:  4/4        EV: 19    Int: 13    God:    Gozag
Gold:   1445       SH:  6    Dex: 18    Spells: 11/11 levels left

rFire    + . .     SeeInvis .   q - +4 quarterstaff (antimagic)
rCold    . . .     Gourm    .   (shield currently unavailable)
rNeg     . . .     Faith    .   w - +3 chain mail of Divine Intervention {-Tele +Fly rCorr Str+4}
rPois    +         Spirit   .   a - +2 hat
rElec    +         Reflect  .   B - +1 cloak
rCorr    +         Harm     .   c - +0 pair of gloves
MR       +....     NoTele   +   u - +0 pair of boots
Stlth    ..........             (no amulet)
Regen    0.3/turn               g - ring "Osug" {Wiz rPois Str+4 Dex+4 Stlth-}
MPRegen  0.1/turn               f - ring "Cutiob" {Fire rElec MR+ Slay+3}

@: no status effects
A: horns 1, large bone plates 2, camouflage 1, clever 1, cold resistance 1,
icemail, nightstalker 1, strong 1, freezing cloud immunity
a: Potion Petition, Call Merchant, Bribe Branch, Renounce Religion, Evoke Flight


You were in the Dungeon.
You worshipped Gozag.
Gozag was most pleased with you.
You were very full.

You visited 1 branch You collected 7786 gold pieces.
You spent 2883 gold pieces at shops.
You paid 3458 gold pieces to Gozag.

Inventory:

Hand Weapons
 q - a +4 antimagic quarterstaff (weapon)
Armour
 a - a +2 hat (worn)
 c - a +0 pair of gloves (worn)
 u - a +0 pair of boots (worn)
 w - the +3 chain mail of Divine Intervention (worn) {-Tele +Fly rCorr Str+4}
   (You bought it in a shop in the Dungeon)

   It affects your strength (+4).
   It lets you fly.
   It prevents most forms of teleportation.
   It protects you from acid and corrosion.
 B - a +1 cloak (worn)
Jewellery
 f - the ring "Cutiob" (right hand) {Fire rElec MR+ Slay+3}
   (You bought it in a shop in the Dungeon)

   [ring of fire]

   It enhances your fire magic.
   It affects your accuracy and damage with ranged weapons and melee attacks
   (+3).
   It protects you from fire.
   It makes you vulnerable to cold.
   It insulates you from electricity.
   It affects your resistance to hostile enchantments.
 g - the ring "Osug" (left hand) {Wiz rPois Str+4 Dex+4 Stlth-}
   (You bought it in a shop in the Dungeon)

   [ring of wizardry]

   It improves your spell success rate.
   It affects your strength (+4).
   It affects your dexterity (+4).
   It protects you from poison.
   It makes you less stealthy.
Scrolls
 k - 2 scrolls of blinking
 l - 4 scrolls of remove curse
 m - 2 scrolls of amnesia
 r - a scroll of fear
 s - 4 scrolls of identify
 t - 2 scrolls of enchant armour
 y - a scroll of recharging
 z - 2 scrolls of enchant weapon
 A - a scroll of fog
Potions
 e - 2 potions of curing
 h - 2 potions of berserk rage
 i - 4 potions of magic
 v - a potion of might
 x - a potion of resistance
Comestibles
 b - 40 fruits
 n - 12 bread rations
 o - a royal jelly
 p - 10 meat rations


   Skills:
 + Level 15.5 Fighting
 + Level 14.5 Staves
 - Level 1.7 Throwing
 + Level 14.2 Armour
 + Level 14.5 Dodging


You had 11 spell levels left.
You didn't know any spells.

Dungeon Overview and Level Annotations

Branches:
Dungeon (1/1)

Altars:
Cheibriados
Dithmenos
Elyvilon
Fedhas
Gozag
Hepliaklqana
Kikubaaqudgha
Makhleb
Nemelex Xobeh
Okawaru
Qazlal
Ru
Sif Muna
Trog
Uskayaw
Vehumet
Wu Jian
Xom
Yredelemnul
Zin
The Shining One
Beogh
Jiyva
Lugonu

Shops:
D [[[*:*=[


Innate Abilities, Weirdness & Mutations

You are mostly covered in large bone plates. (SH +6)
Your flesh is cold resistant. (rC+)
A meltable icy envelope protects you from harm. (AC +0)
You are slightly more attuned to the shadows.
You are immune to freezing clouds.
You have a pair of small horns on your head.
Your skin changes colour to match your surroundings (Stealth+).
Your mind is acute. (Int +2)
Your muscles are strong. (Str +2)


Message History

You feel much better. The ice dragon breathes frost at you.
The blast of cold hits the frost giant.
The frost giant resists.
The blast of cold hits you!
* * * LOW HITPOINT WARNING * * *
The frost giant gestures at you while chanting.
The bolt of cold misses you.
The rakshasa weaves an illusion.
The frost giant shimmers and seems to become two!
The frost giant falters for a moment.
You see here 198 gold pieces.
The frost giant gestures at you while chanting.
The bolt of cold hits you!
* * * LOW HITPOINT WARNING * * *
You see here 81 gold pieces.
The frost giant casts a spell at you.
The bolt of cold hits the frost giant.
The frost giant resists.
The bolt of cold hits you!
You die...
Your body crumbles into a pile of gold.

▓.▓.▓.▓.▓.▓.▓_▓
▓.▓.▓'▓.▓.▓.▓_▓
▓.▓.▓(▓.▓'▓.▓'▓
▓$▓.▓)▓.▓.▓.▓.▓
▓$▓.▓)▓.▓.▓.▓/▓
▓$▓.▓)▓.▓.▓.▓|▓
▓$▓.▓)▓.▓.▓.▓)▓
▓$▓.▓∩▓.▓.▓.▓[▓
▓@▓.▓)▓.▓.▓.▓.▓
▓$▓.▓∩▓.▓.▓.▓[▓
▓C▓.▓.▓.▓.▓.▓.▓
▓.▓.▓∩▓.▓[▓.▓.▓
▓C▓)▓)▓.▓.▓.▓'▓
▓D▓.▓∩▓.▓(▓.▓.▓
▓J▓.▓)▓.▓)▓.▓.▓
▓.▓.▓.▓.▓'▓.▓.▓
▓R▓.▓.▓.▓.▓.▓.▓


You could see 2 frost giants, an ice dragon and a slime creature.

Vanquished Creatures
  2 stone giants (D)
  Josephine (D)
  A fire dragon (D)
  Erolcha (D)
  2 hydras (D)
  2 two-headed ogres (D)
  Urug (D)
  An orc high priest (D)
  5 orc knights (D)
  An ugly thing (D)
  An elephant (D)
  2 spiny frogs (D)
  A black mamba (D)
  A komodo dragon (D)
  A troll (D)
  2 hippogriffs (D)
  A shadow (D)
  A basilisk (shapeshifter) (D)
  4 wraiths (D)
  2 yaks (D)
  6 wargs (D)
  A water moccasin (D)
  2 porcupines (D)
  2 hell hounds (D)
  20 orc warriors (D)
  A black bear (D)
  A sky beast (D)
  A boggart (D)
  3 crocodiles (D)
  5 bullfrogs (D)
  A scorpion (D)
  2 hounds (D)
  An orc priest (D)
  2 orc wizards (D)
  A hell rat (D)
  2 adder zombies (D)
  An adder skeleton (D)
  A leopard gecko (D)
  9 orcs (D)
  A bat zombie (D)
  2 goblins (D)
  A ball python skeleton (D)
  A ball python zombie (D)
  2 bats (D)
  A jackal zombie (D)
  A rat (D)
104 creatures vanquished.

Vanquished Creatures (others)
  A spatial maelstrom (D)
1 creature vanquished.

Grand Total: 105 creatures vanquished

Notes
Turn   | Place    | Note
-------+----------+-------------------------------------------
     0 | D        | potatolord6000 the Demonspawn Gladiator began the quest for the Orb.
     0 | D        | Reached XP level 1. HP: 16/16 MP: 1/1
     1 | D        | Banished a spatial maelstrom
    13 | D        | Reached skill level 1 in Armour
    40 | D        | Noticed a hound
    49 | D        | Killed a hound
    49 | D        | Reached skill level 3 in Fighting
    49 | D        | Gained mutation: You are partially covered in large bone plates. (SH +4) [demonic ancestry]
    49 | D        | Reached XP level 2. HP: 14/24 MP: 2/2
    49 | D        | Reached XP level 3. HP: 17/29 MP: 3/3
    72 | D        | Found a roughly hewn altar of Beogh.
    72 | D        | Found a snail-covered altar of Cheibriados.
    72 | D        | Found a shadowy altar of Dithmenos.
    72 | D        | Found a white marble altar of Elyvilon.
    72 | D        | Found a blossoming altar of Fedhas.
    72 | D        | Found an opulent altar of Gozag.
    73 | D        | Found a hazy altar of Hepliaklqana.
    74 | D        | Found a viscous altar of Jiyva.
    75 | D        | Found an ancient bone altar of Kikubaaqudgha.
    76 | D        | Found a corrupted altar of Lugonu.
    77 | D        | Found a burning altar of Makhleb.
    78 | D        | Found a sparkling altar of Nemelex Xobeh.
    79 | D        | Found an iron altar of Okawaru.
    80 | D        | Became a worshipper of Gozag Ym Sagoz the Greedy
    81 | D        | Found a stormy altar of Qazlal.
    82 | D        | Found a sacrificial altar of Ru.
    83 | D        | Found a deep blue altar of Sif Muna.
    84 | D        | Found a bloodstained altar of Trog.
    85 | D        | Found a hide-covered altar of Uskayaw.
    86 | D        | Found a radiant altar of Vehumet.
    87 | D        | Found an ornate altar of the Wu Jian Council.
    88 | D        | Found a shimmering altar of Xom.
    89 | D        | Found a basalt altar of Yredelemnul.
    90 | D        | Found a glowing silver altar of Zin.
    91 | D        | Found a glowing golden altar of the Shining One.
   175 | D        | Noticed a hippogriff
   175 | D        | Noticed a sky beast
   175 | D        | Noticed a bullfrog
   175 | D        | Noticed a scorpion
   175 | D        | Noticed a bullfrog
   189 | D        | Killed a hippogriff
   189 | D        | Reached skill level 6 in Fighting
   189 | D        | Reached skill level 5 in Armour
   189 | D        | Gained mutation: You are slightly more attuned to the shadows. [demonic ancestry]
   189 | D        | Reached XP level 4. HP: 16/40 MP: 1/4
   189 | D        | Gained mutation: Your flesh is cold resistant. (rC+) [demonic ancestry]
   189 | D        | Reached XP level 5. HP: 18/46 MP: 1/5
   206 | D        | Killed a sky beast
   206 | D        | Gained mutation: You are mostly covered in large bone plates. (SH +6) [demonic ancestry]
   206 | D        | Reached XP level 6. HP: 23/53 MP: 2/6
   210 | D        | Reached skill level 7 in Fighting
   392 | D        | Noticed a six-headed hydra
   393 | D        | Noticed a two-headed ogre
   403 | D        | Killed a six-headed hydra
   403 | D        | Reached skill level 9 in Fighting
   403 | D        | Reached XP level 7. HP: 64/64 MP: 2/7
   403 | D        | Gained mutation: You are immune to freezing clouds. [demonic ancestry]
   403 | D        | Reached XP level 8. HP: 71/71 MP: 2/8
   411 | D        | Killed a two-headed ogre
   411 | D        | Reached skill level 10 in Fighting
   459 | D        | Bought the +1 leather armour of the Merchant {rElec rPois Str+4 Int-3} for 300 gold pieces
   586 | D        | Gained mutation: You have a beak for a mouth. [potion of mutation]
   586 | D        | Gained mutation: Your magical capacity is low. (-10% MP) [potion of mutation]
   586 | D        | Lost mutation: Your magical capacity is low. (-10% MP) [potion of mutation]
   591 | D        | Lost mutation: You have a beak for a mouth. [potion of mutation]
   591 | D        | Gained mutation: Your muscles are strong. (Str +2) [potion of mutation]
   591 | D        | Gained mutation: You have a pair of small horns on your head. [potion of mutation]
   591 | D        | Gained mutation: Your mind is acute. (Int +2) [potion of mutation]
   591 | D        | Gained mutation: Your skin changes colour to match your surroundings (Stealth+). [potion of mutation]
   603 | D        | Noticed a spiny frog
   603 | D        | Noticed a hippogriff
   603 | D        | Noticed an eight-headed hydra
   611 | D        | Killed a spiny frog
   611 | D        | Reached skill level 10 in Staves
   611 | D        | Reached skill level 10 in Dodging
   611 | D        | Reached XP level 9. HP: 79/79 MP: 3/9
   618 | D        | Noticed an elephant
   635 | D        | Killed an eight-headed hydra
   635 | D        | Reached skill level 11 in Fighting
   635 | D        | Reached skill level 10 in Armour
   650 | D        | Killed an elephant
   680 | D        | Bought the ring of Wayr {rPois rF+ AC+3 Dex-4} for 400 gold pieces
   908 | D        | Noticed a black mamba
   908 | D        | Noticed a spiny frog
   910 | D        | Reached XP level 10. HP: 86/89 MP: 3/10
   920 | D        | Killed a black mamba
   920 | D        | Reached skill level 12 in Fighting
   927 | D        | Killed a spiny frog
  1226 | D        | Bought the ring "Cutiob" {Fire rElec MR+ Slay+3} for 743 gold pieces
  1226 | D        | Bought the ring "Osug" {Wiz rPois Str+4 Dex+4 Stlth-} for 735 gold pieces
  1443 | D        | Noticed Erolcha
  1450 | D        | Killed Erolcha
  1450 | D        | Reached skill level 13 in Fighting
  1454 | D        | Noticed Urug
  1465 | D        | Killed Urug
  1493 | D        | Noticed an orc high priest
  1501 | D        | Killed an orc high priest
  1501 | D        | Gained mutation: A meltable icy envelope protects you from harm. (AC +0) [demonic ancestry]
  1501 | D        | Reached XP level 11. HP: 95/98 MP: 3/11
  1567 | D        | Bought the +3 chain mail of Divine Intervention {-Tele +Fly rCorr Str+4} for 481 gold pieces
  1635 | D        | Noticed an orc knight
  1662 | D        | Killed an orc knight
  1853 | D        | Noticed an orc knight
  1854 | D        | Found Reihur's Armour Emporium.
  1863 | D        | Killed an orc knight
  1866 | D        | Noticed an orc knight
  1869 | D        | Found Popas's General Store.
  1874 | D        | Reached skill level 14 in Fighting
  1877 | D        | Noticed an orc knight
  1882 | D        | Found Dianiguz's Book Emporium.
  1898 | D        | Killed an orc knight
  2011 | D        | Killed an orc knight
  2326 | D        | Found Zaphifev's Assorted Antiques.
  2336 | D        | Noticed an orc knight
  2347 | D        | Killed an orc knight
  2399 | D        | Bought a +2 hat for 224 gold pieces
  2459 | D        | Noticed Josephine
  2466 | D        | Killed Josephine
  2634 | D        | Noticed a purple ugly thing
  2634 | D        | Noticed a two-headed ogre
  2644 | D        | Noticed a stone giant
  2647 | D        | Killed a purple ugly thing
  2652 | D        | Noticed a fire dragon
  2657 | D        | Killed a stone giant
  2657 | D        | Reached skill level 15 in Fighting
  2662 | D        | Killed a two-headed ogre
  2662 | D        | Reached XP level 12. HP: 91/110 MP: 4/12
  2665 | D        | Noticed a stone giant
  2667 | D        | Noticed a frost giant
  2667 | D        | Noticed an ice dragon
  2677 | D        | Killed a fire dragon
  2683 | D        | Noticed a rakshasa
  2688 | D        | Killed a stone giant
  2700 | D        | HP: 2/110 [frost giant/bolt of cold (25)]
  2701 | D        | Killed from afar by a frost giant (illusionary)

Vault maps used:
D:        linesprint

Skill      XL: |  1  2  3  4  5  6  7  8  9 10 11 12 |
---------------+-------------------------------------+-----
Dodging        | 3 6 8 10 11 12 14 | 14.5
Staves         | 4 6 8 10 11 12 14 | 14.5
Armour         | 2 5 8 9 10 12 13 14 | 14.2
Fighting       | 3 6 9 10 11 13 15 | 15.5
Throwing       | |  1.7

Action                   |  1- 3 |  4- 6 |  7- 9 | 10-12 || total
-------------------------+-------+-------+-------+-------++-------
Melee: Quarterstaff      |    47 |    39 |    61 |   310 ||   457
       Headbutt          |       |       |    14 |   101 ||   115
Invok: Call Merchant     |       |       |     2 |     2 ||     4
  Use: Potion            |     1 |     2 |     6 |     8 ||    17
 Stab: Distracted        |       |       |     1 |     3 ||     4
       Sleeping          |       |       |       |     1 ||     1
  Eat: Bread ration      |       |       |     1 |       ||     1
       Meat ration       |       |       |       |     2 ||     2
Armor: Leather armour    |    11 |       |    11 |     3 ||    25
       Plate armour      |    11 |    27 |     1 |       ||    39
       Chain mail        |       |       |       |    19 ||    19
Dodge: Dodged            |    27 |    14 |    42 |   115 ||   198
Block: Other             |     1 |    12 |    17 |    45 ||    75
